MID
HICKORY CRAWDADS @ CLINTON LUMBERKINGS
08/20/2048
 
TOP OF THE 1ST
Hickory Crawdads batting - Pitching for Clinton LumberKings : RHP Steve Miles
Pitching: RHP Steve Miles
Batting: LHB Caleb Domino 0-0: Called Strike
0-1: Ball
1-1: Ball
2-1: Ball
3-1: Foul Ball, location: 2F
3-2: Base on Balls
Batting: RHB Ron Corn 0-0: Ball
1-0: Foul Ball, location: 2F
1-1: Ball
2-1: Foul Ball, location: 2F
2-2: Fly out, F7 (Flyball, 7S, EV 80.6 MPH)
Batting: RHB Matthew Starr 0-0: Ball
Caleb Domino is caught stealing 2nd base 2-4
1-0: DOUBLE (Line Drive, 89D, EV 104.4 MPH)
Batting: SHB Todd Hewitt 0-0: SINGLE (Line Drive, 7S, EV 96.9 MPH)
Matthew Starr to third
Runner from 3rd tries for Home, SAFE, throw by LF to home
Batting: RHB Jarrod Joyce 0-0: Called Strike
0-1: Called Strike
0-2: Ball
1-2: Ball
2-2: Ground out 4-3 (Groundball, 4, EV 90.6 MPH)
Top of the 1st over - 1 run, 2 hits, 0 errors, 1 left on base; Hickory 1 - Clinton 0
BOTTOM OF THE 1ST
Clinton LumberKings batting - Pitching for Hickory Crawdads : RHP Alexander Neustroev
Pitching: RHP Alexander Neustroev
Batting: RHB Antonio Oyola 0-0: Ball
1-0: Foul Ball, location: 2F
1-1: Ball
2-1: SINGLE (Line Drive, 4D, EV 100.0 MPH)
Batting: RHB Rich Justice 0-0: Called Strike
0-1: Ball
Wild Pitch!
Antonio Oyola to second
1-1: Ball
2-1: Ball
3-1: Foul Ball, location: 2F
3-2: Fly out, F7 (Flyball, 78M, EV 90.6 MPH)
Batting: LHB Jason Kinney 0-0: Called Strike
0-1: Ball
1-1: Ball
2-1: Fly out, F9 (Flyball, 89S, EV 91.2 MPH)
Batting: RHB Chris Skaff 0-0: Ball
1-0: Ball
2-0: Called Strike
2-1: Foul Ball, location: 7LSF, Error on foul ball, E7
2-2: Fly out, F9 (Flyball, 89M, EV 81.9 MPH)
Bottom of the 1st over - 0 runs, 1 hit, 1 error, 1 left on base; Hickory 1 - Clinton 0
TOP OF THE 2ND
Hickory Crawdads batting - Pitching for Clinton LumberKings : RHP Steve Miles
Batting: SHB Quido van Erp 0-0: Called Strike
0-1: Ball
1-1: Foul Ball, location: 2F
1-2: Ground out 4-3 (Groundball, 4M, EV 104.4 MPH)
Batting: LHB Lee Gerken 0-0: Called Strike
0-1: Foul Ball, location: 2F
0-2: Fly out, F8 (Flyball, 8LD, EV 101.9 MPH)
Batting: RHB Zach Thomason 0-0: Foul Ball, location: 2F
0-1: Ball
1-1: Ball
2-1: Ball
3-1: Called Strike
3-2: Base on Balls
Batting: RHB Johannes Gutermuth 0-0: Ball
1-0: Ball
2-0: Ball
3-0: Called Strike
3-1: Foul Ball, location: 2F
3-2: Ground out U3 (Groundball, 3L, EV 96.2 MPH)
Top of the 2nd over - 0 runs, 0 hits, 0 errors, 1 left on base; Hickory 1 - Clinton 0
BOTTOM OF THE 2ND
Clinton LumberKings batting - Pitching for Hickory Crawdads : RHP Alexander Neustroev
Batting: RHB Tze-meng Li 0-0: Ground out 5-3 (Groundball, 5, EV 85.6 MPH)
Batting: SHB Frank Amato 0-0: Foul Ball, location: 2F
0-1: Swinging Strike
0-2: Ball
1-2: Strikes out swinging
Batting: LHB Josh Gottlieb 0-0: DOUBLE (Line Drive, 9LM, EV 107.5 MPH)
Batting: RHB David Greene 0-0: Ball
1-0: Called Strike
1-1: Swinging Strike
1-2: Strikes out looking
Bottom of the 2nd over - 0 runs, 1 hit, 0 errors, 1 left on base; Hickory 1 - Clinton 0
TOP OF THE 3RD
Hickory Crawdads batting - Pitching for Clinton LumberKings : RHP Steve Miles
Batting: LHB Caleb Domino 0-0: Ball
1-0: Called Strike
1-1: Foul Ball, location: 2F
1-2: Ball
2-2: Foul Ball, location: 2F
2-2: Ball
3-2: Base on Balls
Batting: RHB Ron Corn 0-0: Fielders Choice at 2nd, 4-6 (Groundball, 4, EV 85.0 MPH)
Batting: RHB Matthew Starr 0-0: Ball
Ron Corn steals 2nd base
1-0: Ball
2-0: Ball
3-0: Base on Balls
Batting: SHB Todd Hewitt 0-0: Fielders Choice at 2nd, 5-4 (Groundball, 56, EV 89.4 MPH)
Ron Corn to third
Batting: RHB Jarrod Joyce 0-0: Ball
1-0: Called Strike
1-1: 3-RUN HOME RUN (Flyball, 78XD, EV 116.9 MPH), Distance : 471 ft
Batting: SHB Quido van Erp 0-0: Called Strike
0-1: Ball
1-1: Fly out, F8 (Flyball, 8RM, EV 76.9 MPH)
Top of the 3rd over - 3 runs, 1 hit, 0 errors, 0 left on base; Hickory 4 - Clinton 0
BOTTOM OF THE 3RD
Clinton LumberKings batting - Pitching for Hickory Crawdads : RHP Alexander Neustroev
Batting: SHB Raghnall Ahearne 0-0: Ground out 5-3 (Groundball, 5L, EV 78.1 MPH)
Batting: RHB Antonio Oyola 0-0: Called Strike
0-1: Ball
1-1: Called Strike
1-2: Strikes out looking
Batting: RHB Rich Justice 0-0: Called Strike
0-1: Ball
1-1: Ground out U3 (Groundball, 3L, EV 90.0 MPH)
Bottom of the 3rd over - 0 runs, 0 hits, 0 errors, 0 left on base; Hickory 4 - Clinton 0
TOP OF THE 4TH
Hickory Crawdads batting - Pitching for Clinton LumberKings : RHP Steve Miles
Batting: LHB Lee Gerken 0-0: Ball
1-0: Ball
2-0: Swinging Strike
2-1: SINGLE (Groundball, 6, EV 102.5 MPH) (infield hit)
Batting: RHB Zach Thomason 0-0: Ball
1-0: Fly out, F9 (Flyball, 89D, EV 92.5 MPH)
Batting: RHB Johannes Gutermuth 0-0: Swinging Strike
0-1: Ball
1-1: Ball
2-1: Ball
3-1: Base on Balls
Lee Gerken to second
Batting: LHB Caleb Domino 0-0: Foul Ball, location: 2F
0-1: Ball
1-1: Called Strike
1-2: Strikes out swinging
Batting: RHB Ron Corn 0-0: Foul Ball, location: 2F
0-1: Called Strike
0-2: Ball
1-2: Strikes out swinging
Top of the 4th over - 0 runs, 1 hit, 0 errors, 2 left on base; Hickory 4 - Clinton 0
BOTTOM OF THE 4TH
Clinton LumberKings batting - Pitching for Hickory Crawdads : RHP Alexander Neustroev
Batting: LHB Jason Kinney 0-0: Swinging Strike
0-1: Called Strike
0-2: Strikes out swinging
Batting: RHB Chris Skaff 0-0: Called Strike
0-1: Ball
1-1: Foul Ball, location: 2F
1-2: Strikes out swinging
Batting: RHB Tze-meng Li 0-0: Called Strike
0-1: Ground out 6-3 (Groundball, 6MS, EV 70.6 MPH)
Bottom of the 4th over - 0 runs, 0 hits, 0 errors, 0 left on base; Hickory 4 - Clinton 0
TOP OF THE 5TH
Hickory Crawdads batting - Pitching for Clinton LumberKings : RHP Steve Miles
Batting: RHB Matthew Starr 0-0: DOUBLE (Groundball, 3L, EV 101.2 MPH)
Batting: SHB Todd Hewitt 0-0: Ball
1-0: Ball
2-0: Ball
3-0: Base on Balls
Pitching: RHP Ke-yong Khoo
Batting: RHB Jarrod Joyce 0-0: Ball
1-0: Called Strike
1-1: Foul Ball, location: 2F
1-2: Foul Ball, location: 2F
1-2: Grounds into double play, 6-4-3 (Groundball, 56, EV 90.6 MPH)
Matthew Starr to third
Batting: SHB Quido van Erp 0-0: Swinging Strike
0-1: Ball
1-1: Foul Ball, location: 2F
1-2: Ball
2-2: Foul Ball, location: 2F
2-2: Fly out, F8 (Flyball, 8RD, EV 106.2 MPH)
Top of the 5th over - 0 runs, 1 hit, 0 errors, 1 left on base; Hickory 4 - Clinton 0
BOTTOM OF THE 5TH
Clinton LumberKings batting - Pitching for Hickory Crawdads : RHP Alexander Neustroev
Batting: SHB Frank Amato 0-0: Ball
1-0: Called Strike
1-1: Ball
2-1: Foul Ball, location: 2F
2-2: Strikes out swinging
Batting: LHB Josh Gottlieb 0-0: Ball
1-0: Ball
2-0: Called Strike
2-1: Called Strike
2-2: Strikes out swinging
Batting: RHB David Greene 0-0: Called Strike
0-1: Ball
1-1: Ball
2-1: Called Strike
2-2: Foul Ball, location: 2F
2-2: Ground out 5-3 (Groundball, 56, EV 93.1 MPH)
Bottom of the 5th over - 0 runs, 0 hits, 0 errors, 0 left on base; Hickory 4 - Clinton 0
TOP OF THE 6TH
Hickory Crawdads batting - Pitching for Clinton LumberKings : RHP Ke-yong Khoo
Batting: LHB Lee Gerken 0-0: Called Strike
0-1: Foul Ball, location: 2F
0-2: Fly out, F6 (Popup, 6M, EV 65.0 MPH)
Batting: RHB Zach Thomason 0-0: Called Strike
0-1: Foul Ball, location: 2F
0-2: Foul Ball, location: 2F
0-2: Foul Ball, location: 2F
0-2: Ball
1-2: Ball
2-2: SINGLE (Line Drive, 89M, EV 87.5 MPH)
Pitching: RHP Daniel Villalobos
Batting: RHB Johannes Gutermuth 0-0: Ball
1-0: Called Strike
1-1: Called Strike
1-2: Ball
2-2: Ball
3-2: Base on Balls
Zach Thomason to second
Batting: LHB Caleb Domino 0-0: Ball
1-0: Ball
2-0: Swinging Strike
2-1: Swinging Strike
2-2: Foul Ball, location: 2F
2-2: Foul Ball, location: 2F
2-2: Foul Ball, location: 2F
2-2: Foul Ball, location: 2F
2-2: Foul Ball, location: 2F
2-2: Ball
3-2: Base on Balls
Zach Thomason to third
Johannes Gutermuth to second
Batting: RHB Ron Corn 0-0: Called Strike
0-1: Fly out, F5 (Popup, 56, EV 80.0 MPH)
Batting: RHB Matthew Starr 0-0: Called Strike
0-1: Swinging Strike
0-2: Ball
1-2: Ball
2-2: Foul Ball, location: 2F
2-2: Ball
3-2: Base on Balls
Zach Thomason scores
Johannes Gutermuth to third
Caleb Domino to second
Pitching: RHP Bryce Blanksby
Batting: SHB Todd Hewitt 0-0: Ball
1-0: Called Strike
1-1: Foul Ball, location: 2F
1-2: Fly out, F9 (Line Drive, 9S, EV 105.0 MPH)
Top of the 6th over - 1 run, 1 hit, 0 errors, 3 left on base; Hickory 5 - Clinton 0
BOTTOM OF THE 6TH
Clinton LumberKings batting - Pitching for Hickory Crawdads : RHP Alexander Neustroev
Batting: SHB Raghnall Ahearne 0-0: Called Strike
0-1: Fly out, F7 (Flyball, 7D, EV 84.4 MPH)
Batting: RHB Antonio Oyola 0-0: Foul Ball, location: 2F
0-1: SINGLE (Groundball, 56D, EV 100.0 MPH)
Batting: RHB Rich Justice 0-0: Ball
1-0: Foul Ball, location: 2F
1-1: Ball
2-1: Foul Ball, location: 2F
2-2: Ball
3-2: Foul Ball, location: 2F
3-2: Strikes out swinging
Batting: LHB Jason Kinney 0-0: Called Strike
0-1: Called Strike
Antonio Oyola steals 2nd base
0-2: Ball
1-2: Ball
2-2: Strikes out swinging
Bottom of the 6th over - 0 runs, 1 hit, 0 errors, 1 left on base; Hickory 5 - Clinton 0
TOP OF THE 7TH
Hickory Crawdads batting - Pitching for Clinton LumberKings : RHP Bryce Blanksby
Batting: RHB Jarrod Joyce 0-0: Called Strike
0-1: Fly out, F5 (Line Drive, 5, EV 65.0 MPH)
Batting: SHB Quido van Erp 0-0: Called Strike
0-1: Ball
1-1: SOLO HOME RUN (Line Drive, 8LXD, EV 120.0 MPH), Distance : 496 ft
Batting: LHB Lee Gerken 0-0: Ball
1-0: Fly out, F8 (Flyball, 8LD, EV 84.4 MPH)
Batting: RHB Zach Thomason 0-0: Ball
1-0: Called Strike
1-1: Foul Ball, location: 2F
1-2: SINGLE (Flyball, 8RS, EV 97.5 MPH)
Batting: RHB Johannes Gutermuth 0-0: Called Strike
0-1: Ground out 4-3 (Groundball, 4, EV 105.0 MPH)
Top of the 7th over - 1 run, 2 hits, 0 errors, 1 left on base; Hickory 6 - Clinton 0
BOTTOM OF THE 7TH
Clinton LumberKings batting - Pitching for Hickory Crawdads : RHP Alexander Neustroev
Batting: RHB Chris Skaff 0-0: Called Strike
0-1: Ball
1-1: Foul Ball, location: 2F
1-2: Foul Ball, location: 2F
1-2: Ball
2-2: Ball
3-2: Base on Balls
Batting: RHB Tze-meng Li 0-0: Foul Ball, location: 2F
0-1: Ball
1-1: DOUBLE (Flyball, 78D, EV 113.1 MPH)
Chris Skaff to third
Batting: SHB Frank Amato 0-0: Called Strike
0-1: Ball
1-1: Ball
2-1: Called Strike
2-2: Ball
3-2: Ground out 4-3 (Groundball, 4, EV 86.9 MPH)
Chris Skaff scores
Tze-meng Li to third
Batting: LHB Josh Gottlieb 0-0: Ball
1-0: Called Strike
1-1: DOUBLE (Groundball, 3L, EV 100.6 MPH)
Tze-meng Li scores
Batting: RHB David Greene 0-0: Swinging Strike
0-1: Ball
1-1: Foul Ball, location: 2F
1-2: Foul Ball, location: 2F
1-2: Ground out 6-3 (Groundball, 6, EV 90.0 MPH)
Josh Gottlieb to third
Pitching: RHP Errol Dondale
Batting: SHB Raghnall Ahearne 0-0: Foul Ball, location: 2F
0-1: Ball
1-1: Ball
2-1: Ground out 6-3 (Groundball, 6S, EV 73.1 MPH)
Bottom of the 7th over - 2 runs, 2 hits, 0 errors, 1 left on base; Hickory 6 - Clinton 2
TOP OF THE 8TH
Hickory Crawdads batting - Pitching for Clinton LumberKings : RHP Bryce Blanksby
Pitching: RHP Luis Pantoja
Batting: LHB Caleb Domino 0-0: Ball
1-0: Called Strike
1-1: Foul Ball, location: 2F
1-2: Foul Ball, location: 2F
1-2: Strikes out swinging
Batting: RHB Ron Corn 0-0: Called Strike
0-1: Ball
1-1: Ball
2-1: Swinging Strike
2-2: Strikes out swinging
Batting: RHB Matthew Starr 0-0: Ball
1-0: Foul Ball, location: 2F
1-1: Foul Ball, location: 2F
1-2: Fly out, F8 (Flyball, 8RM, EV 89.4 MPH)
Top of the 8th over - 0 runs, 0 hits, 0 errors, 0 left on base; Hickory 6 - Clinton 2
BOTTOM OF THE 8TH
Clinton LumberKings batting - Pitching for Hickory Crawdads : RHP Errol Dondale
Batting: RHB Antonio Oyola 0-0: Swinging Strike
0-1: Ball
1-1: Ball
2-1: DOUBLE (Flyball, 8RXD, EV 107.5 MPH)
Batting: RHB Rich Justice 0-0: Foul Ball, location: 2F
0-1: Swinging Strike
0-2: Ball
1-2: Ball
2-2: Foul Ball, location: 2F
2-2: Foul Ball, location: 2F
2-2: Ball
3-2: Foul Ball, location: 2F
3-2: Ground out 3-1 (Groundball, 34, EV 81.2 MPH)
Antonio Oyola to third
Batting: LHB Jason Kinney 0-0: Ball
1-0: Ball
2-0: Ball
3-0: Called Strike
3-1: Base on Balls
Batting: RHB Chris Skaff 0-0: Swinging Strike
0-1: Foul Ball, location: 2F
0-2: Foul Ball, location: 2F
0-2: Ball
1-2: Ball
2-2: Strikes out swinging
Batting: RHB Tze-meng Li 0-0: Called Strike
0-1: Foul Ball, location: 2F
0-2: Ball
1-2: Ball
2-2: DOUBLE (Groundball, 5L, EV 95.0 MPH)
Antonio Oyola scores
Jason Kinney to third
Batting: SHB Frank Amato 0-0: Called Strike
0-1: Swinging Strike
0-2: Ground out 6-3 (Groundball, 6, EV 84.4 MPH)
Bottom of the 8th over - 1 run, 2 hits, 0 errors, 2 left on base; Hickory 6 - Clinton 3
TOP OF THE 9TH
Hickory Crawdads batting - Pitching for Clinton LumberKings : RHP Luis Pantoja
Batting: SHB Todd Hewitt 0-0: Ball
1-0: SINGLE (Groundball, 4, EV 95.0 MPH)
Batting: RHB Jarrod Joyce 0-0: Called Strike
0-1: Swinging Strike
0-2: Ball
1-2: Fly out, F7 (Line Drive, 7S, EV 97.5 MPH)
Batting: SHB Quido van Erp 0-0: Called Strike
0-1: Hit by Pitch
Todd Hewitt to second
Batting: LHB Lee Gerken 0-0: Called Strike
0-1: Fly out, F9 (Flyball, 89M, EV 90.0 MPH)
Batting: RHB Zach Thomason 0-0: Ball
1-0: Foul Ball, location: 2F
1-1: Foul Ball, location: 2F
1-2: Fly out, F8 (Line Drive, 8LD, EV 107.5 MPH)
Top of the 9th over - 0 runs, 1 hit, 0 errors, 2 left on base; Hickory 6 - Clinton 3
BOTTOM OF THE 9TH
Clinton LumberKings batting - Pitching for Hickory Crawdads : RHP Errol Dondale
Pitching: RHP Johnny Munoz
Batting: LHB Josh Gottlieb 0-0: Ground out U3 (Groundball, 34S, EV 88.8 MPH)
Pinch Hitting: SHB Dave Reynoso 0-0: Foul Ball, location: 2F
0-1: Foul Ball, location: 2F
0-2: Fly out, F8 (Flyball, 8LS, EV 90.6 MPH)
Batting: SHB Raghnall Ahearne 0-0: Ball
1-0: Called Strike
1-1: Swinging Strike
1-2: Ball
2-2: Strikes out swinging
Bottom of the 9th over - 0 runs, 0 hits, 0 errors, 0 left on base; Hickory 6 - Clinton 3
Tuesday, March 28th , 2023 - OOTP Baseball 23.10 Build 110